 Dungeon Crawl Stone Soup version 0.28-a0-895-g6e5f11bd55 (webtiles) character file.

Game seed: 7638514963619801517

243 ytrimaz the Chopper (level 5, -5/42 HPs)
             Began as a Demonspawn Fighter on Nov 22, 2021.
             Slain by an orc wizard (14 damage)
             ... on level 3 of the Dungeon.
             The game lasted 00:05:26 (3653 turns).

ytrimaz the Chopper (Demonspawn Fighter)            Turns: 3653, Time: 00:05:27

Health: -5/42      AC:  9    Str: 18    XL:     5   Next: 82%
Magic:  5/5        EV:  9    Int:  9    God:
Gold:   148        SH:  4    Dex: 12    Spells: 4/4 levels left

rFire   . . .      SeeInvis .   a - +0 war axe
rCold   . . .      Faith    .   c - +0 buckler
rNeg    . . .      Spirit   .   b - +0 scale mail
rPois   .          Reflect  .   (no helmet)
rElec   .          Harm     .   (no cloak)
rCorr   .          Rampage  .   (no gloves)
Will    .....                   (no boots)
Stlth   ..........              j - amulet of regeneration
HPRegen 1.14/turn               (no ring)
MPRegen 0.18/turn               (no ring)

@: mighty
A: powered by death 1, magic regeneration, sharp scales 2
a: no special abilities


You were on level 3 of the Dungeon.
You visited 1 branch of the dungeon, and saw 3 of its levels.

You collected 148 gold pieces.

Inventory:

Hand Weapons
 a - a +0 war axe (weapon)
Armour
 b - a +0 scale mail (worn)
 c - a +0 buckler (worn)
Jewellery
 j - an amulet of regeneration (around neck)
 l - an amulet of the acrobat
Wands
 m - a wand of digging (3)
Scrolls
 e - a scroll of noise
 g - 2 scrolls of identify
 k - a scroll of enchant weapon
Potions
 d - a potion of might
 f - 2 potions of haste
 h - a potion of flight


   Skills:
 + Level 3.8 Fighting
 + Level 4.1 Axes
 + Level 3.7 Armour
 + Level 3.2 Shields


You had 4 spell levels left.
You didn't know any spells.
Your spell library contained the following spells:

 Spells                   Type           Power      Damage    Failure   Level
 Blink                    Tloc           0%         N/A       91%         2
 Ensorcelled Hibernation  Hex/Ice        0%         N/A       91%         2
 Passwall                 Tmut/Erth      0%         N/A       91%         2
 Lesser Beckoning         Tloc           0%         N/A       99%         3
 Spider Form              Tmut/Pois      0%         N/A       99%         3
 Swiftness                Air            0%         N/A       99%         3
 Manifold Assault         Tloc           0%         N/A       100%        5
 Malign Gateway           Summ/Tloc      0%         N/A       100%        7
 Summon Horrible Things   Summ           0%         N/A       100%        8


Dungeon Overview and Level Annotations

Branches:
Dungeon (3/15)

Altars:


Innate Abilities, Weirdness & Mutations

You regenerate a little health from kills.
You regenerate magic rapidly.
You are mostly covered in razor-sharp scales. (AC +2, Slay +2)


Message History

You barely miss something. Something hits you but does no damage.
You miss something. Something hits you but does no damage.
You barely miss something. You block something's attack. Something hits you.
You miss something. Something hits you but does no damage.
You are electrocuted!
You slash something!
You hear some strange, mumbled words.
Something tries to affect you, but you resist.
You closely miss something.
You hear some strange, mumbled words.
Something tries to affect you, but you resist.
You closely miss something. Something hits you but does no damage.
You are electrocuted!
* * * LOW HITPOINT WARNING * * *
Something hits you but does no damage.
You hit something but do no damage. Something hits you.
* * * LOW HITPOINT WARNING * * *
You miss something. Something hits you but does no damage.
Unknown command.
You feel better. Something hits you but does no damage.
You miss something. Something hits you but does no damage.
You are electrocuted!
* * * LOW HITPOINT WARNING * * *
Something hits you.
* * * LOW HITPOINT WARNING * * *
Unknown command.
Unknown command.
You feel very mighty all of a sudden. Something hits you.
* * * LOW HITPOINT WARNING * * *
You miss something.
You hear some strange, mumbled words.
A puff of flame appears from out of thin air!
The puff of flame hits you.
* * * LOW HITPOINT WARNING * * *
Unknown command.
You miss something. Something hits you.
* * * LOW HITPOINT WARNING * * *
You are electrocuted!
You die...

#†#.......#####.......#
#....####....##.......#
###.## #....##.......#
#...#####....##.).....##
..............+.........
...........####)).....#
....####.#..# #o#
..#....#.##.# #{#
.<#.##.#.##.## #@#
.##.##.#.##..# #.#
.##.##.#.###.###.#
.##.##(#.# #.(##.#
.##.##...# ##.##.#
......#######.##.#
..............##.#
......######..##.#
....########...#.#


You could see an orc.

Vanquished Creatures
  2 jellies (D:2)
  Terence (D:3)
  An iguana (D:3)
  5 adders
  A worm (D:2)
  5 orcs
  8 ball pythons
  9 bats
  12 endoplasms
  A giant cockroach (D:3)
  5 goblins
  6 hobgoblins
  A quokka (D:1)
  17 kobolds
  4 rats
78 creatures vanquished.

Vanquished Creatures (others)
  7 fungi (D:2)
  A plant (D:3)
  7 toadstools (D:2)
15 creatures vanquished.

Grand Total: 93 creatures vanquished

Notes
Turn   | Place    | Note
-------+----------+-------------------------------------------
     0 | D:1      | ytrimaz the Demonspawn Fighter began the quest for the Orb.
     0 | D:1      | Reached XP level 1. HP: 18/18 MP: 1/1
   480 | D:1      | Gained mutation: You are partially covered in razor-sharp
                  | scales. (AC +1, Slay +1) [demonic ancestry]
   480 | D:1      | Reached XP level 2. HP: 5/24 MP: 2/2
   838 | D:1      | Found a faded altar of an unknown god.
   980 | D:1      | Reached skill level 2 in Axes
  1593 | D:2      | Gained mutation: You are mostly covered in razor-sharp
                  | scales. (AC +2, Slay +2) [demonic ancestry]
  1593 | D:2      | Reached XP level 3. HP: 21/29 MP: 3/3
  2371 | D:2      | Gained mutation: You regenerate a little health from kills.
                  | [demonic ancestry]
  2371 | D:2      | Reached XP level 4. HP: 26/35 MP: 4/4
  2464 | D:2      | Reached skill level 3 in Axes
  3045 | D:2      | Gained mutation: You regenerate magic rapidly. [demonic
                  | ancestry]
  3045 | D:2      | Reached XP level 5. HP: 41/41 MP: 5/5
  3207 | D:3      | Noticed Terence
  3233 | D:3      | Killed Terence
  3362 | D:3      | Reached skill level 4 in Axes
  3653 | D:3      | Slain by an orc wizard

Illustrated notes

Levels and vault maps discovered:
D:1:      dpeg_arrival_stone_temple_mockup, layout_basic,
          hellmonk_ecumenical_altar_blasted
D:2:      cheibrodos_fertilizer, layout_basic, nrook_mini_vaults,
          kennysheep_nondescript
D:3:      layout_basic, minmay_shallow_snake_nest, uniq_terence

Skill      XL: |  1  2  3  4  5 |
---------------+----------------+-----
Armour         | 3 |  3.7
Axes           | 2 3 4 |  4.1
Shields        | 3 |  3.2
Fighting       | |  3.8

Action                   |  1- 3 |  4- 6 || total
-------------------------+-------+-------++-------
Melee: War axe           |   114 |   115 ||   229
  Use: Scroll            |     4 |     2 ||     6
       Potion            |       |     3 ||     3
Armor: Scale mail        |    65 |    52 ||   117
Dodge: Dodged            |    92 |    42 ||   134
Block: Buckler           |    35 |    28 ||    63

Table legend: (Time is in decaauts)
 A = Elapsed time spent in this place.
 B = Non-inter-level travel time spent in this place.
 C = Inter-level travel time spent in this place.
 D = Time resting spent in this place.
 E = Time spent auto-exploring this place.
 F = Levels seen in this place.
 G = Mean time per level.
                   A        B        C        D        E       F      G
               +--------+--------+--------+--------+--------+-----+--------+
         Total |   3741 |   3709 |     32 |    949 |   2107 |   3 | 1247.0 |
       Dungeon |   3741 |   3709 |     32 |    949 |   2107 |   3 | 1247.0 |
               +--------+--------+--------+--------+--------+-----+--------+

Top non-repeatable levels by time:
     D:2: 1740 daAuts
     D:1: 1546 daAuts
     D:3: 454 daAuts
